Map: Thunderbird LE

Players

pHARM - Winner!

  • Race: Terran Terran
  • League: Platinum
  • Spawn Location: 5:00

Therapist

  • Race: Protoss Protoss
  • League: Gold
  • Spawn Location: 11:00

VOD

Have the link to the VOD?

Description

Time

  • Played on: Aug. 29, 2019, 7:56 p.m.
  • Length: 15:34
Show
View Real Time Build Order
Export as new Build Order

pHARM Terran - Winner!

Build Orders: Mech 

Get SALT Encoding   

  12  0:05  SCV  
  13  0:18  SCV  
  13  0:20  Supply Depot  
  14  0:32  SCV  
  15  0:44  Barracks, SCV  
  16  0:56  SCV  
  17  1:08  SCV  
  18  1:20  SCV  
  19  1:32  SCV  
  20  1:33  Marine  
  20  1:51  Orbital Command  
  20  1:56  Marine  
  21  2:06  Refinery  
  21  2:16  Bunker  
  21  2:20  Marine  
  22  2:46  Command Center  
  22  2:50  SCV  
  23  3:00  Supply Depot  
  23  3:10  Factory  
  23  3:19  Barracks Tech Lab  
  23  3:21  SCV  
  23  3:25  Refinery  
  24  3:33  SCV  
  25  3:45  Bunker, SCV  
  26  3:58  SCV  
  26  4:00  Supply Depot  
  27  4:09  Orbital Command  
  26  4:10  SCV  
  27  4:22  SCV  
  28  4:27  Siege Tank  
  31  4:34  SCV  
  31  4:36  SCV  
  33  4:46  SCV  
  33  4:48  SCV  
  33  4:49  Factory  
  33  4:50  Factory  
  35  4:58  SCV  
  36  5:00  SCV  
  37  5:08  Siege Tank  
  37  5:10  SCV  
  37  5:12  SCV  
  42  5:15  Refinery  
  42  5:16  Refinery  
  42  5:19  Command Center  
  42  5:22  SCV  
  42  5:24  SCV  
  44  5:34  Command Center, SCV  
  45  5:36  SCV  
  45  5:40  Siege Tank, Factory Tech Lab x2  
  49  5:46  SCV  
  49  5:48  SCV  
  51  5:59  SCV  
  51  6:00  SCV  
  53  6:11  SCV  
  54  6:19  Supply Depot  
  54  6:21  Supply Depot  
  54  6:26  Supply Depot  
  54  6:29  Armory  
  54  6:31  Siege Tank, SCV x2  
  59  6:43  SCV x2  
  61  6:55  SCV x2  
  61  6:57  Orbital Command  
  63  7:07  SCV x2  
  65  7:19  SCV x2  
  65  7:22  Factory  
  67  7:26  Terran Vehicle Weapons Level 1, Factory  
  67  7:28  Supply Depot  
  67  7:31  Supply Depot, SCV x2  
  67  7:36  Thor x2  
  67  7:37  Thor  
  81  7:43  SCV  
  88  7:51  Refinery  
  88  7:56  Refinery  
  88  7:58  Engineering Bay  
  88  8:00  Supply Depot  
  88  8:06  SCV x3  
  91  8:18  SCV x3  
  91  8:19  Thor x2  
  106  8:23  Factory Reactor  
  106  8:24  Factory Reactor  
  106  8:33  Planetary Fortress  
  106  8:54  Thor  
  112  8:57  Refinery  
  112  9:02  Thor, Hellbat x5  
  128  9:06  Refinery  
  128  9:11  Supply Depot  
  128  9:15  Supply Depot x2, SCV x3  
  128  9:16  Supply Depot, SCV  
  132  9:23  Hellion x3, Hellbat  
  140  9:33  SCV x3  
  140  9:34  Thor  
  140  9:37  Supply Depot  
  140  9:38  Hellbat  
  151  9:39  Supply Depot x2  
  151  9:41  Supply Depot  
  151  9:44  Thor, Hellbat x2  
  161  9:47  Terran Vehicle Weapons Level 2  
  161  9:54  Hellbat x2  
  161  9:56  Armory  
  161  9:57  SCV x4  
  161  9:59  Thor  
  175  10:06  Hellbat  
  177  10:09  SCV  
  177  10:13  SCV x3  
  181  10:18  Thor  
  181  10:19  Hellbat  
  181  10:20  Hellbat  
  191  10:21  SCV  
  191  10:25  SCV  
  191  10:27  Thor  
  199  10:53  Terran Vehicle And Ship Armor Level 1  
  142  11:49  Command Center  
  142  11:54  Thor x3  
  124  11:55  Hellion  
  124  11:56  Hellion x3  
  142  12:17  Hellion x2  
  142  12:21  Command Center  
  146  12:23  Hellbat x2  
  150  12:37  Thor x3  
  150  12:38  Hellbat  
  150  12:40  Refinery  
  150  12:41  Refinery  
  150  12:42  Refinery  
  150  12:44  Factory  
  170  12:45  Refinery  
  170  12:54  Hellbat x2  
  174  13:04  Orbital Command  
  174  13:16  Factory  
  174  13:17  Factory  
  174  13:19  Thor x2  
  174  13:20  Thor  
  174  13:22  Hellbat x3  
  154  14:01  Hellion x2  
  154  14:02  Factory Reactor, Thor x3  
  176  14:23  Factory Tech Lab x2  
  174  14:45  Thor x3  
  180  14:59  Orbital Command  
  168  15:08  SCV x3  
  181  15:20  SCV x3  
Show
View Real Time Build Order
Export as new Build Order

Therapist Protoss 

Build Orders: Cannon Rush, Carriers 

Get SALT Encoding   

  12  0:12  Probe  
  12  0:13  Pylon  
  12  0:20  Probe  
  14  0:33  Forge  
  14  0:52  Pylon  
  14  1:13  Photon Cannon x2  
  14  1:17  Gateway  
  14  1:32  Photon Cannon  
  14  1:38  Pylon  
  14  1:47  Pylon  
  14  1:53  Pylon  
  14  2:01  Assimilator  
  13  2:05  Assimilator  
  13  2:07  Probe  
  13  2:13  Gateway  
  14  2:21  Probe  
  14  2:23  Photon Cannon  
  15  2:30  Probe  
  16  2:47  Photon Cannon  
  16  2:59  Cybernetics Core  
  16  3:01  Probe  
  17  3:09  Probe  
  18  3:37  Stargate  
  18  3:51  Nexus  
  18  3:59  Probe  
  19  4:11  Probe  
  20  4:20  Shield Battery  
  20  4:35  Probe  
  20  4:40  Pylon  
  20  4:43  Probe  
  22  4:54  Probe  
  22  4:58  Void Ray  
  27  5:02  Probe  
  27  5:06  Probe  
  29  5:10  Probe  
  30  5:18  Probe  
  31  5:24  Protoss Shields Level 1  
  31  5:25  Probe  
  31  5:29  Pylon  
  31  5:32  Probe  
  33  5:41  Void Ray  
  37  5:47  Probe  
  38  5:51  Protoss Air Weapons Level 1, Probe  
  39  6:01  Probe  
  40  6:14  Void Ray  
  40  6:23  Stargate  
  40  6:24  Probe  
  40  6:25  Probe  
  46  6:35  Pylon  
  46  6:36  Probe  
  46  6:37  Shield Battery, Probe  
  48  6:54  Assimilator  
  48  6:56  Assimilator  
  48  6:57  Pylon, Void Ray  
  48  7:00  Pylon  
  52  7:17  Void Ray  
  52  7:18  Probe x2  
  58  7:27  Probe  
  58  7:30  Probe  
  58  7:35  Probe  
  60  7:42  Probe  
  62  7:45  Probe  
  62  7:50  Void Ray  
  63  7:54  Probe  
  68  8:00  Protoss Air Armor Level 1  
  68  8:01  Nexus  
  68  8:06  Photon Cannon  
  68  8:07  Probe  
  68  8:08  Probe  
  70  8:20  Void Ray  
  74  8:28  Photon Cannon  
  74  8:32  Shield Battery  
  74  8:40  Probe  
  74  8:41  Photon Cannon  
  74  8:43  Probe  
  76  9:04  Pylon, Void Ray  
  76  9:12  Pylon  
  76  9:14  Probe  
  76  9:16  Probe, Assimilator x2  
  82  9:18  Void Ray  
  82  9:26  Pylon  
  82  9:29  Pylon  
  86  9:39  Stargate  
  86  9:42  Photon Cannon  
  86  9:49  Probe  
  86  9:50  Probe x2  
  86  9:51  Void Ray  
  89  9:54  Pylon  
  93  10:13  Fleet Beacon, Void Ray  
  93  10:16  Photon Cannon  
  97  10:41  Probe  
  97  10:42  Probe x2  
  100  10:43  Twilight Council  
  100  10:56  Photon Cannon, Carrier  
  100  10:57  Photon Cannon  
  100  10:59  Photon Cannon  
  100  11:01  Photon Cannon  
  100  11:02  Shield Battery  
  100  11:05  Shield Battery  
  106  11:25  Carrier  
  106  11:26  Carrier  
  110  11:50  Carrier  
  104  12:18  Photon Cannon  
  104  12:19  Photon Cannon  
  104  12:20  Shield Battery, Carrier  
  104  12:22  Protoss Air Weapons Level 2  
  104  12:25  Mothership  
  104  12:27  Photon Cannon  
  104  12:29  Photon Cannon  
  110  12:31  Photon Cannon  
  118  12:38  Probe  
  118  12:39  Probe  
  120  12:46  Probe  
  120  12:51  Probe, Carrier  
  127  12:54  Probe  
  129  13:03  Probe  
  130  13:07  Pylon  
  130  13:08  Pylon  
  130  13:09  Pylon  
  130  13:19  Carrier  
  130  13:20  Nexus  
  130  13:24  Pylon  
  130  13:25  Probe x2  
  130  13:26  Pylon  
  138  13:42  Carrier  
  138  13:47  Carrier  
  122  14:08  Carrier  
  106  14:16  Probe x2  
  108  14:19  Probe  
  108  14:23  Stargate  
  115  14:25  Stargate  
  115  14:28  Probe x2  
  117  14:37  Stargate  
Tags
 
Composition
CarriersMech
Matchup
PvT
Replay Pack
10.7.19
Spawn Locations
Cross Positions
Add a new tag
Caveats
  • Supply blocks, unpowered buildings, or Contaminate may cause inaccurate times.
  • Supply counts are checked every 10 seconds.